 Dungeon Sprint DCSS version 0.20-a0-640-g62ed22f (webtiles) character file.

0 esc the Shield-Bearer (level 3, -1/20 HPs)
             Began as a Vine Stalker Fighter on Feb 12, 2017.
             Was an Initiate of Makhleb.
             Slain by an ogre
             ... wielding a +0 giant club
              (9 damage)
             ... in the Dungeon (Sprint VI: "Thunderdome").
             The game lasted 00:01:41 (131 turns).

esc the Shield-Bearer (Vine Stalker Fighter)         Turns: 131, Time: 00:01:42

Health: -1/20      AC:  6    Str: 19    XL:     3   Next: 22%
Magic:  0/7        EV:  8    Int:  8    God:    Makhleb [......]
Gold:   20         SH: 10    Dex: 19    Spells: 6/6 levels left

rFire    . . .     SeeInvis .   a - +0 rapier
rCold    . . .     Gourm    .   b - +0 scale mail
rNeg     + + +     Faith    .   c - +0 shield
rPois    +         Spirit   +   (no helmet)
rElec    .         Reflect  .   (no cloak)
rCorr    .         Harm     .   (no gloves)
MR       .....     NoTele   +   (no boots)
Stlth    ++........             p - amulet "Feufan" {RegenMP rN+ Stlth+}
Regen    0.1/turn               s - ring of Muagruum {rN+ Dex+2}
MPRegen  0.2/turn               r - ring of Ewebuph {rPois rN+ Dex+4 Stlth+}

@: no status effects
A: fangs 2, magic shield, antimagic bite, no potion heal 3, rot immunity
a: Renounce Religion


You were in the Dungeon.
You worshipped Makhleb.
Makhleb was noncommittal.
You were not hungry.

You visited 1 branch You collected 200 gold pieces.
You spent 180 gold pieces at shops.

Inventory:

Hand Weapons
 a - a +0 rapier (weapon)
Armour
 b - a +0 scale mail (worn)
 c - a +0 shield (worn)
Jewellery
 p - the amulet "Feufan" (around neck) {RegenMP rN+ Stlth+}
   (You bought it in a shop in the Dungeon)

   [amulet of magic regeneration]

   It increases your magic regeneration.
   It protects you from negative energy.
   It makes you more stealthy.
 r - the ring of Ewebuph (left hand) {rPois rN+ Dex+4 Stlth+}
   (You bought it in a shop in the Dungeon)

   [ring of stealth]

   It affects your dexterity (+4).
   It protects you from poison.
   It protects you from negative energy.
   It makes you more stealthy.
 s - the ring of Muagruum (right hand) {rN+ Dex+2}
   (You bought it in a shop in the Dungeon)

   [ring of positive energy]

   It affects your dexterity (+2).
   It protects you from negative energy.
Wands
 l - a wand of acid (5/15)
   (You found it in the Dungeon)
 m - a wand of iceblast (5/15)
   (You found it in the Dungeon)
Scrolls
 k - 4 scrolls of blinking {!r}
 n - 3 scrolls of fog
Potions
 d - a potion of might
 e - a potion of curing
 g - 4 potions of heal wounds
 h - 4 potions of haste
 i - 2 potions of magic
 j - a potion of brilliance {unknown}
 o - a potion of resistance
Comestibles
 f - a bread ration {@e1}
 q - a chunk of flesh {@w0}


   Skills:
 + Level 3.4 Fighting
 + Level 2.6 Short Blades
 + Level 3.2 Armour
 + Level 1.7 Dodging
 + Level 3.6 Shields
 + Level 2.0 Spellcasting
 + Level 0.0 Invocations


You had 6 spell levels left.
You didn't know any spells.

Dungeon Overview and Level Annotations

Branches:
Dungeon (1/1)

Altars:
Cheibriados
Dithmenos
Fedhas
Gozag
Kikubaaqudgha
Makhleb
Okawaru
Qazlal
Ru
Sif Muna
Trog
Uskayaw
Vehumet
Xom
Yredelemnul
Zin
The Shining One
Beogh
Jiyva
Lugonu

Shops:
D *[%??*?*:[((!!!!


Innate Abilities, Weirdness & Mutations

You have extremely sharp teeth.
When hurt, damage is shared between your health and your magic reserves.
Your bite disrupts and absorbs the magic of your enemies.
Potions cannot restore your health.
You are immune to rotting.


Message History

You hit the orc. Your bite misses the orc. You block Terence's attack.
The orc barely misses you.
You hit the orc.
You kill the orc!
Your Short Blades skill increases to level 2!
Terence hits you with a hand axe of freezing.
Terence freezes you.
You take 1 damage, and have 15/16 hp.
You now have 1/2 mp.
Unknown command.
You barely miss Terence. You bite Terence! You drain his power.
You feel invigorated. You block Terence's attack.
MP restored: 2 You puncture Terence!
You puncture Terence!
You kill Terence!
Your Fighting skill increases to level 3!
Your Armour skill increases to level 3!
Your Dodging skill increases to level 1!
Your Shields skill increases to level 3!
Your Spellcasting skill gained 2 levels and is now at level 2!
You have reached level 2!
You have reached level 3!
Your experience leads to an increase in your attributes!
Your base attributes are Str 18, Int 8, Dex 13.
Increase (S)trength, (I)ntelligence, or (D)exterity?
You feel stronger.
You regained 13 hp, and now have 28/30 hp.
j - a metallic inky potion
There is a staircase leading out of the dungeon, spattered with blood here.
Things that are here:
a hand axe of freezing; a ring mail You feel a strong urge to attack something.
Found an opulent altar of Gozag.
You see here a club.
You feel your anger subside.
You are no longer berserk.
You pass out from exhaustion.
You feel yourself slow down.
Found a viscous altar of Jiyva and a deep blue altar of Sif Muna.
You can move again.
You now have 20/20 hp.
Found Vulampeeqe's Weapon Rack and Kenexzewn's Premium Goods.
Found a bloodstained altar of Trog.
Found Datux's Basic Armour and Gulec's Miscellaneous Merchandise.
Found a stormy altar of Qazlal.
Found Curr's Do-It-Yourself Clinic.
Found Qoip's Bottled Wisdom, Unaeroyh's Distillery and Lalugg's Distillery.
Found two altars.
You feel yourself speed up.
MP restored: 7
Found a roughly hewn altar of Beogh.
Found a radiant altar of Vehumet.
Found an iron altar of Okawaru.
Found Hitralumo's Staff Store.
You feel less exhausted.
Found three shops.
Found a sacrificial altar of Ru.
A frilled lizard comes into view.
The frilled lizard hisses angrily.
You hit the frilled lizard.
You kill the frilled lizard!
No target in view!
You see here a frilled lizard corpse.
You butcher the frilled lizard corpse.
q - a chunk of flesh {@w0} A giant cockroach comes into view.
There is a burning altar of Makhleb here.
You kneel at the altar of Makhleb.
Makhleb welcomes you! 50...
A leopard gecko comes into view.
The leopard gecko hisses angrily.
The leopard gecko barely misses you.
Your shield and scale mail prevent you from hitting the leopard gecko.
Your bite misses the leopard gecko. The leopard gecko bites you.
The leopard gecko bites you but does no damage.
You take 1 damage, and have 19/20 hp.
You now have 6/7 mp.
You puncture the leopard gecko!
You kill the leopard gecko!
Makhleb accepts your kill.
An ogre comes into view. It is wielding a giant club.
The ogre shouts!
You puncture the giant cockroach!
You kill the giant cockroach!
Makhleb accepts your kill.
MP restored: 7 Health restored: 20 You closely miss the ogre.
You bite the ogre, but do no damage. The ogre closely misses you.
You puncture the ogre! You bite the ogre, but do no damage.
You block the ogre's attack.
You puncture the ogre! You bite the ogre, but do no damage. You hit the ogre.
You bite the ogre. You drain its power. The ogre hits you with a giant club!
Ouch! That really hurt!
You take 12 damage, and have 8/20 hp.
MASSIVE DAMAGE!!
You now have 3/7 mp.
You hit the ogre. You bite the ogre. You drain its power.
You feel invigorated. 20... The ogre hits you with a giant club!
You die...

#.....# ##.....## ##∩.....∩##
#∩.......∩# #_......._#
#_......._# #_......._#
###.....@...###
#⌠.......O...⌠#
######.8.........8.######
##∩_._......###...†.._._∩##
###∩........8.# #.8........∩##
#.............###.............
⌠..........###...###..........
⌠..........# #.<.# #..........
⌠..........###...###..........


You could see an ogre.

Vanquished Creatures
  Terence (D)
  A leopard gecko (D)
  An orc (D)
  A giant cockroach (D)
  A frilled lizard (D)
5 creatures vanquished.

Notes
Turn   | Place    | Note
-------+----------+-------------------------------------------
     0 | D        | esc the Vine Stalker Fighter began the quest for the Orb.
     0 | D        | Reached XP level 1. HP: 11/11 MP: 2/2
     1 | D        | Found a glowing silver altar of Zin.
     1 | D        | Found a basalt altar of Yredelemnul.
     2 | D        | Found a corrupted altar of Lugonu.
     3 | D        | Found an ancient bone altar of Kikubaaqudgha.
     3 | D        | Found a hide-covered altar of Uskayaw.
     4 | D        | Found Idocakhlo's Bee Food.
     4 | D        | Found a burning altar of Makhleb.
     4 | D        | Found a snail-covered altar of Cheibriados.
     4 | D        | Found Veemo's Identification Station.
     5 | D        | Found Siobec's Jewellery.
     5 | D        | Found Xixkyerhe's Advanced Armour.
     5 | D        | Round 1.
    13 | D        | Bought a bound silver amulet for 45 gold pieces
    13 | D        | Bought a sparkling platinum ring for 45 gold pieces
    13 | D        | Bought a shimmering turquoise ring for 45 gold pieces
    13 | D        | Identified the amulet "Feufan" {RegenMP rN+ Stlth+} (You bought it in a shop in the Dungeon)
    14 | D        | Identified the ring of Ewebuph {rPois rN+ Dex+4 Stlth+} (You bought it in a shop in the Dungeon)
    15 | D        | Identified the ring "Demad" {Ice Dex+4} (You bought it in a shop in the Dungeon)
    20 | D        | Bought a twitching ivory ring for 45 gold pieces
    21 | D        | Identified the ring of Muagruum {rN+ Dex+2} (You bought it in a shop in the Dungeon)
    26 | D        | Found a shimmering altar of Xom.
    27 | D        | Noticed Terence
    36 | D        | Found a blossoming altar of Fedhas.
    39 | D        | Reached skill level 2 in Short Blades
    42 | D        | Killed Terence
    42 | D        | Reached skill level 3 in Fighting
    42 | D        | Reached skill level 3 in Armour
    42 | D        | Reached skill level 1 in Dodging
    42 | D        | Reached skill level 3 in Shields
    42 | D        | Reached skill level 2 in Spellcasting
    42 | D        | Reached XP level 2. HP: 16/16 MP: 3/6
    42 | D        | Reached XP level 3. HP: 20/20 MP: 3/7
    46 | D        | Found an opulent altar of Gozag.
    47 | D        | Found a viscous altar of Jiyva.
    47 | D        | Found a deep blue altar of Sif Muna.
    51 | D        | Found a bloodstained altar of Trog.
    51 | D        | Found Vulampeeqe's Weapon Rack.
    51 | D        | Found Kenexzewn's Premium Goods.
    52 | D        | Found Datux's Basic Armour.
    52 | D        | Found Gulec's Miscellaneous Merchandise.
    60 | D        | Found a stormy altar of Qazlal.
    61 | D        | Found Curr's Do-It-Yourself Clinic.
    62 | D        | Found Qoip's Bottled Wisdom.
    62 | D        | Found Unaeroyh's Distillery.
    62 | D        | Found a shadowy altar of Dithmenos.
    62 | D        | Found a glowing golden altar of the Shining One.
    62 | D        | Found Lalugg's Distillery.
    66 | D        | Found a roughly hewn altar of Beogh.
    67 | D        | Found a radiant altar of Vehumet.
    68 | D        | Found an iron altar of Okawaru.
    69 | D        | Found Hitralumo's Staff Store.
    70 | D        | Found a sacrificial altar of Ru.
    70 | D        | Found Gurat's Magic Scroll Shop.
    70 | D        | Found Jukk's Must-Have Magic.
    70 | D        | Found Ulohec's Magic Scroll Shop.
   102 | D        | Became a worshipper of Makhleb the Destroyer
   119 | D        | Noticed an ogre
   131 | D        | Slain by an ogre

Vault maps used:
D:        arena_sprint

Skill      XL: |  1 |
---------------+----+-----
Short Blades   | 2 |  2.6
Fighting       | 3 |  3.4
Armour         | 3 |  3.2
Dodging        | 1 |  1.7
Shields        | 3 |  3.6
Spellcasting   | 2 |  2.0

Action                   || total
-------------------------++-------
Melee: Rapier            ||    14
       Bite              ||     6
  Use: Potion            ||     1
Armor: Scale mail        ||     2
Dodge: Dodged            ||     3
Block: Shield            ||     3

Vault maps used:
D:        arena_sprint

Table legend:
 A = Turns spent in this place as a percentage of turns spent in the entire game.
 B = Non-inter-level travel turns spent in this place as a percentage of non-inter-level travel turns spent in the entire game.
 C = Inter-level travel turns spent in this place as a percentage of turns spent in this place.
 D = Turns resting spent in this place as a percentage of non-inter-level travel turns spent in this place.
 E = Turns spent auto-exploring this place as a percentage of non-inter-level travel turns spent in this place.
 F = Non-inter-level travel turns spent in this place divided by the number of levels of this place that you've seen.
                   A       B       C       D       E      F
               +-------+-------+-------+-------+-------+----------------------
         Total | 100.0 | 100.0 |   0.0 |   0.0 |   0.0 | 134.0
       Dungeon | 100.0 | 100.0 |   0.0 |   0.0 |   0.0 | 134.0
               +-------+-------+-------+-------+-------+----------------------

Table legend:
 A = Kills in this place as a percentage of kills in entire the game.
 B = Kills by you in this place as a percentage of kills by you in the entire game.
 C = Kills by friends in this place as a percentage of kills by friends in the entire game.
 D = Other kills in this place as a percentage of other kills in the entire game.
 E = Experience gained in this place as a percentage of experience gained in the entire game.
 F = Experience gained in this place divided by the number of levels of this place that you have seen.
                   A       B       C       D       E      F
               +-------+-------+-------+-------+-------+----------------------
         Total | 100.0 | 100.0 |  -nan |  -nan | 100.0 |  45.0
       Dungeon | 100.0 | 100.0 |  -nan |  -nan | 100.0 |  45.0
               +-------+-------+-------+-------+-------+----------------------
